zoologist, lawful male human Archeologist -------------------------------- ------------ |..............................| |...@.......#########|.------ -------------- ----- | |..<.a.....| #..|....| |......[..(| |.|....| |..........-#########..--|--| -- |..........| |..).))| .| ------------ |.----%|.. - | |.|..-.-|-- ..- -- |.|..|.............- |.|---+--- ---- -- |.| |.| |.| |.- |. --- zoologist the Investigator Experience level: 7 Strength: 12 Dexterity: 12 Constitution: 17 Intelligence: 13 Wisdom: 15 Charisma: 9 Health: 0(53) Energy: 32(32) Def: 1 Gold: 0 Moves: 4501 Dungeon seed: vg31OwQQ-IM2bJTB Game ID: zoologist_1523196416 Your Inventory: Weapons m - a +0 crossbow o - a +0 orcish dagger (weapon in hand) p - a +0 dagger T - a +0 dart (in quiver) Armor b - an uncursed +0 pair of leather gloves (being worn) Comestibles i - 3 uncursed tripe rations Tools d - a tinning kit (0:23) l - an uncursed skeleton key Spells and supernatural/magical abilities: Name Level Category Fail Memory W - pray for help -- divine ? -- Your skills at the end: Fighting Skills Weapon Skills pick-axe [Skilled] whip [Basic] Spellcasting Skills Final Attributes: You were piously aligned. You saw invisible. You were telepathic. You were stealthy. You were fast. You were very lucky. You are dead. Vanquished creatures: a small mimic a dingo a gnome mummy 2 human zombies a wood nymph a rock mole 4 gnome lords 2 gnomish wizards a kobold mummy a little dog a dwarf a homunculus a kobold lord a kobold shaman 9 hill orcs 2 rothes 5 monkeys an iguana 4 killer bees 2 acid blobs 4 giant rats 3 cave spiders a yellow mold 20 gnomes a gnome zombie a gecko 13 jackals 4 foxes a kobold 3 goblins 12 grid bugs 6 bats a kobold zombie 6 newts 118 creatures vanquished. Voluntary challenges: You were an atheist. You used a wielded weapon 222 times, starting on turn 17. You read items or engraved 17 times, starting on turn 224. You never genocided any monsters. You never polymorphed an object. You never changed form. You used no wishes. You never split a pudding. You wrote Elbereth's name 9 times, starting on turn 1740. You never violated your personal moral code. Dungeon overview: The Dungeons of Doom: levels 1 to 5 Level 1 a sink a long staircase Level 2 Level 3 an altar to Huhetotl stairs to The Gnomish Mines Level 4 a general store, some fountains Level 5 The Gnomish Mines: levels 4 to 6 Level 4 stairs to The Dungeons of Doom Level 5 Level 6 <- You were here History has recorded: On T:1 you entered the Dungeons of Doom to retrieve the Amulet of Yendor! On T:190 you reached level 2 of The Dungeons of Doom. On T:574 you advanced to experience level 2. On T:618 you reached level 3 of The Dungeons of Doom. On T:1202 you reached level 1 of The Gnomish Mines. On T:1262 you reached level 4 of The Dungeons of Doom. On T:1301 you advanced to experience level 3. On T:1427 you advanced to experience level 4. On T:1552 you reached level 5 of The Dungeons of Doom. On T:1939 you reached level 2 of The Gnomish Mines. On T:2157 you advanced to experience level 5. On T:3448 you advanced to experience level 6. On T:3976 you reached level 3 of The Gnomish Mines. On T:4209 you advanced to experience level 7. Score breakdown: Gold: 0 ( 0 points) Experience: 7 levels (13645 points) Exploration: 6 levels ( 12.24%) ( 9682 points) Discoveries: 13 items ( 4.36%) ( 6265 points) Valuables value: (no points given unless you survive) Artifact value: 0 ( 0 points) Variety of kills: 34 monsters ( 8.92%) ( 8961 points) Turncount: 4501 turns (-1199 points) Survival: died (score multiplied by 80%) Total score: 29883 Latest messages: You hit the dwarf mummy. You miss the dwarf mummy. The dwarf mummy hits! You see here a crude dagger. o - a crude dagger. You are now wielding your crude dagger. You see here a dagger. p - a dagger. You are almost hit by a dart. You are hit by a dart. You see here a dart. T - a dart (in quiver). You miss the fire ant. The fire ant bites! (2x) You're on fire! The fire ant bites! (2x) You're on fire! You hear bubbling water. The fire ant bites! (2x) You're on fire! You die... Final status: Goodbye zoologist the Archeologist, killed by a fire ant... You died in The Gnomish Mines on dungeon level 6 with 29883 points, and 0 pieces of gold, after 4501 moves. You were level 7 with a maximum of 53 hit points when you died.